Map: [ESL] Oceanborn

Players

Wayne (Vanya)

  • Race: Zerg Zerg
  • Spawn Location: 11:00

LiquidMaNa (MaNa) - Winner!

  • Race: Protoss Protoss
  • League: Grandmaster
  • Spawn Location: 5:00

VOD

Have the link to the VOD?

Description

Time

  • Played on: Nov. 21, 2023, 11:32 a.m.
  • Length: 8:22
Show
View Real Time Build Order
Export as new Build Order

Wayne Zerg 

Build Orders: Hatch First 

Get SALT Encoding   

  12  0:02  Drone  
  13  0:12  Overlord  
  13  0:17  Drone  
  14  0:31  Drone x2  
  16  0:51  Hatchery  
  16  0:54  Drone  
  16  0:57  Drone  
  17  1:07  Extractor  
  16  1:13  Spawning Pool  
  16  1:17  Drone  
  16  1:20  Drone  
  17  1:53  Hatchery  
  16  2:02  Queen  
  16  2:03  Zergling x2  
  16  2:05  Zergling x2  
  20  2:13  Metabolic Boost  
  20  2:17  Zergling x2  
  21  2:24  Zergling x2  
  21  2:28  Zergling x2  
  21  2:29  Zergling x2  
  24  2:36  Zergling x2  
  25  2:44  Overlord  
  23  2:54  Zergling x2  
  23  3:02  Zergling x6  
  23  3:04  Zergling x2  
  27  3:12  Zergling x2  
  29  3:16  Queen  
  31  3:21  Zergling x6  
  31  3:28  Zergling x4  
  33  3:43  Overlord  
  33  3:44  Zergling x2  
  31  3:52  Drone x2  
  31  3:55  Queen  
  32  4:01  Drone  
  35  4:06  Drone x2  
  37  4:18  Drone  
  37  4:22  Drone x2  
  40  4:27  Hatchery  
  38  4:39  Roach Warren, Drone  
  37  4:52  Zergling x8  
  34  4:57  Zergling x4  
  36  5:02  Zergling x4  
  38  5:08  Zergling x4  
  38  5:13  Zergling x2  
  38  5:14  Zergling x4  
  38  5:23  Zergling x4  
  41  5:28  Roach x2  
  42  5:39  Roach x2  
  42  5:42  Zergling x4  
  48  5:47  Overlord  
  48  5:55  Overlord  
  48  6:04  Spore Crawler  
  47  6:10  Zergling x2  
  48  6:12  Zergling x6  
  51  6:24  Overlord  
  51  6:25  Overlord  
  51  6:43  Ravager x4  
  51  6:44  Zergling x12  
  51  6:46  Spore Crawler  
  60  6:53  Zergling x4  
  62  6:57  Zergling x8  
  65  7:13  Zergling x2  
  60  7:22  Zergling x2  
  60  7:23  Zergling x6  
  60  7:28  Zergling x2  
  59  7:34  Queen  
  59  7:36  Zergling x2  
  60  7:40  Zergling x6  
  61  7:51  Zergling x6  
Show
View Real Time Build Order
Export as new Build Order

LiquidMaNa Protoss - Winner!

Build Orders:  

Get SALT Encoding   

  12  0:00  Probe  
  13  0:12  Probe  
  14  0:19  Pylon  
  14  0:24  Probe (Chrono Boost)  
  15  0:38  Probe (Chrono Boost)  
  16  0:43  Gateway  
  16  0:46  Probe (Chrono Boost)  
  17  0:52  Probe  
  18  1:01  Assimilator  
  18  1:04  Probe  
  18  1:08  Gateway  
  19  1:16  Probe  
  20  1:18  Pylon  
  20  1:25  Pylon  
  20  1:33  Cybernetics Core  
  22  1:42  Zealot (Chrono Boost)  
  22  1:43  Probe  
  23  1:49  Pylon  
  23  1:55  Probe  
  23  1:58  Zealot (Chrono Boost)  
  26  2:07  Probe  
  27  2:08  Assimilator  
  27  2:12  Warp Gate  
  29  2:17  Adept (Chrono Boost)  
  29  2:19  Adept (Chrono Boost), Probe  
  32  2:31  Probe  
  32  2:42  Adept  
  32  2:44  Probe  
  34  2:56  Adept, Probe  
  37  3:08  Robotics Facility  
  37  3:22  Gateway  
  37  3:24  Gateway  
  37  3:42  Pylon  
  33  4:01  Probe  
  33  4:02  Sentry x2  
  37  4:04  Observer (Chrono Boost)  
  37  4:14  Pylon  
  37  4:19  Warp Prism (Chrono Boost)  
  39  4:36  Adept x2  
  39  4:37  Zealot  
  45  4:38  Zealot  
  45  4:53  Nexus  
  45  4:58  Pylon  
  45  4:59  Probe  
  46  5:10  Observer  
  46  5:17  Zealot  
  46  5:18  Zealot x3  
  46  5:20  Probe  
  53  5:32  Probe  
  54  5:39  Pylon  
  54  5:40  Robotics Bay  
  54  5:44  Probe  
  55  6:01  Probe  
  56  6:11  Stalker x2, Probe  
  56  6:12  Stalker  
  56  6:13  Probe  
  64  6:23  Probe  
  64  6:24  Disruptor (Chrono Boost)  
  64  6:25  Probe  
  64  6:27  Gravitic Drive  
  68  6:34  Sentry  
  68  6:35  Probe  
  68  6:37  Shield Battery, Probe  
  72  6:40  Stalker  
  72  6:43  Pylon  
  74  6:49  Disruptor (Chrono Boost)  
  78  7:01  Probe x2  
  78  7:03  Stalker  
  78  7:07  Stalker  
  84  7:13  Pylon  
  82  7:29  Stalker x2  
  84  7:32  Cybernetics Core  
  84  7:40  Zealot  
  69  7:52  Zealot x2  
  54  8:01  Probe  
  54  8:04  Probe  
Tags
 
Matchup
PvZ
Player
MaNaVanya
Replay Pack
December 2023
Spawn Locations
Cross Positions
Add a new tag
Caveats
  • Supply blocks, unpowered buildings, or Contaminate may cause inaccurate times.
  • Supply counts are checked every 10 seconds.